%YAML 1.1
%TAG !u! tag:unity3d.com,2011:
--- !u!114 &5657965313726002278
MonoBehaviour:
  m_ObjectHideFlags: 0
  m_CorrespondingSourceObject: {fileID: 0}
  m_PrefabInstance: {fileID: 0}
  m_PrefabAsset: {fileID: 0}
  m_GameObject: {fileID: 4027901807323097767}
  m_Enabled: 1
  m_EditorHideFlags: 0
  m_Script: {fileID: 11500000, guid: 4efa13d1c5784b943806b0538c1fd14b, type: 3}
  m_Name: 
  m_EditorClassIdentifier: 
--- !u!114 &5657965312954368116
MonoBehaviour:
  m_ObjectHideFlags: 0
  m_CorrespondingSourceObject: {fileID: 0}
  m_PrefabInstance: {fileID: 0}
  m_PrefabAsset: {fileID: 0}
  m_GameObject: {fileID: 6040646011598780693}
  m_Enabled: 1
  m_EditorHideFlags: 0
  m_Script: {fileID: 11500000, guid: 4efa13d1c5784b943806b0538c1fd14b, type: 3}
  m_Name: 
  m_EditorClassIdentifier: 
--- !u!1 &7650200089919355824
GameObject:
  m_ObjectHideFlags: 0
  m_CorrespondingSourceObject: {fileID: 0}
  m_PrefabInstance: {fileID: 0}
  m_PrefabAsset: {fileID: 0}
  serializedVersion: 6
  m_Component:
  - component: {fileID: 8639208922046638371}
  m_Layer: 0
  m_Name: Level_4
  m_TagString: Untagged
  m_Icon: {fileID: 0}
  m_NavMeshLayer: 0
  m_StaticEditorFlags: 0
  m_IsActive: 1
--- !u!4 &8639208922046638371
Transform:
  m_ObjectHideFlags: 0
  m_CorrespondingSourceObject: {fileID: 0}
  m_PrefabInstance: {fileID: 0}
  m_PrefabAsset: {fileID: 0}
  m_GameObject: {fileID: 7650200089919355824}
  m_LocalRotation: {x: 0, y: 0, z: 0, w: 1}
  m_LocalPosition: {x: 0, y: 0, z: 0}
  m_LocalScale: {x: 1, y: 1, z: 1}
  m_Children:
  - {fileID: 155561556115853838}
  - {fileID: 7357191539298271676}
  - {fileID: 3666428382510847909}
  - {fileID: 310681072640685763}
  m_Father: {fileID: 0}
  m_RootOrder: 0
  m_LocalEulerAnglesHint: {x: 0, y: 0, z: 0}
--- !u!1001 &245611253370326982
PrefabInstance:
  m_ObjectHideFlags: 0
  serializedVersion: 2
  m_Modification:
    m_TransformParent: {fileID: 8639208922046638371}
    m_Modifications:
    - target: {fileID: 5814771983812739405, guid: ecdfeafcd625af941959048c9dfd1bed,
        type: 3}
      propertyPath: m_Name
      value: BollKill
      objectReference: {fileID: 0}
    - target: {fileID: 3569475516442482787, guid: ecdfeafcd625af941959048c9dfd1bed,
        type: 3}
      propertyPath: m_LocalPosition.x
      value: 0.5
      objectReference: {fileID: 0}
    - target: {fileID: 3569475516442482787, guid: ecdfeafcd625af941959048c9dfd1bed,
        type: 3}
      propertyPath: m_LocalPosition.y
      value: -0.82
      objectReference: {fileID: 0}
    - target: {fileID: 3569475516442482787, guid: ecdfeafcd625af941959048c9dfd1bed,
        type: 3}
      propertyPath: m_LocalPosition.z
      value: -3.967629
      objectReference: {fileID: 0}
    - target: {fileID: 3569475516442482787, guid: ecdfeafcd625af941959048c9dfd1bed,
        type: 3}
      propertyPath: m_LocalRotation.x
      value: 0
      objectReference: {fileID: 0}
    - target: {fileID: 3569475516442482787, guid: ecdfeafcd625af941959048c9dfd1bed,
        type: 3}
      propertyPath: m_LocalRotation.y
      value: 0
      objectReference: {fileID: 0}
    - target: {fileID: 3569475516442482787, guid: ecdfeafcd625af941959048c9dfd1bed,
        type: 3}
      propertyPath: m_LocalRotation.z
      value: 0
      objectReference: {fileID: 0}
    - target: {fileID: 3569475516442482787, guid: ecdfeafcd625af941959048c9dfd1bed,
        type: 3}
      propertyPath: m_LocalRotation.w
      value: 1
      objectReference: {fileID: 0}
    - target: {fileID: 3569475516442482787, guid: ecdfeafcd625af941959048c9dfd1bed,
        type: 3}
      propertyPath: m_RootOrder
      value: 2
      objectReference: {fileID: 0}
    - target: {fileID: 3569475516442482787, guid: ecdfeafcd625af941959048c9dfd1bed,
        type: 3}
      propertyPath: m_LocalEulerAnglesHint.x
      value: 0
      objectReference: {fileID: 0}
    - target: {fileID: 3569475516442482787, guid: ecdfeafcd625af941959048c9dfd1bed,
        type: 3}
      propertyPath: m_LocalEulerAnglesHint.y
      value: 0
      objectReference: {fileID: 0}
    - target: {fileID: 3569475516442482787, guid: ecdfeafcd625af941959048c9dfd1bed,
        type: 3}
      propertyPath: m_LocalEulerAnglesHint.z
      value: 0
      objectReference: {fileID: 0}
    - target: {fileID: 3569475516442482787, guid: ecdfeafcd625af941959048c9dfd1bed,
        type: 3}
      propertyPath: m_LocalScale.x
      value: 1.4226
      objectReference: {fileID: 0}
    - target: {fileID: 3569475516442482787, guid: ecdfeafcd625af941959048c9dfd1bed,
        type: 3}
      propertyPath: m_LocalScale.y
      value: 1.4226
      objectReference: {fileID: 0}
    - target: {fileID: 3569475516442482787, guid: ecdfeafcd625af941959048c9dfd1bed,
        type: 3}
      propertyPath: m_LocalScale.z
      value: 1.4226
      objectReference: {fileID: 0}
    m_RemovedComponents: []
  m_SourcePrefab: {fileID: 100100000, guid: ecdfeafcd625af941959048c9dfd1bed, type: 3}
--- !u!4 &3666428382510847909 stripped
Transform:
  m_CorrespondingSourceObject: {fileID: 3569475516442482787, guid: ecdfeafcd625af941959048c9dfd1bed,
    type: 3}
  m_PrefabInstance: {fileID: 245611253370326982}
  m_PrefabAsset: {fileID: 0}
--- !u!1001 &3077213816080446362
PrefabInstance:
  m_ObjectHideFlags: 0
  serializedVersion: 2
  m_Modification:
    m_TransformParent: {fileID: 8639208922046638371}
    m_Modifications:
    - target: {fileID: 8746230322399513231, guid: 6603f21ef29f91141bcacf894b5d67e9,
        type: 3}
      propertyPath: m_Name
      value: Boll
      objectReference: {fileID: 0}
    - target: {fileID: 2926459874845401492, guid: 6603f21ef29f91141bcacf894b5d67e9,
        type: 3}
      propertyPath: m_LocalPosition.x
      value: -1
      objectReference: {fileID: 0}
    - target: {fileID: 2926459874845401492, guid: 6603f21ef29f91141bcacf894b5d67e9,
        type: 3}
      propertyPath: m_LocalPosition.y
      value: -0.82
      objectReference: {fileID: 0}
    - target: {fileID: 2926459874845401492, guid: 6603f21ef29f91141bcacf894b5d67e9,
        type: 3}
      propertyPath: m_LocalPosition.z
      value: -0.06589637
      objectReference: {fileID: 0}
    - target: {fileID: 2926459874845401492, guid: 6603f21ef29f91141bcacf894b5d67e9,
        type: 3}
      propertyPath: m_LocalRotation.x
      value: -0
      objectReference: {fileID: 0}
    - target: {fileID: 2926459874845401492, guid: 6603f21ef29f91141bcacf894b5d67e9,
        type: 3}
      propertyPath: m_LocalRotation.y
      value: -0
      objectReference: {fileID: 0}
    - target: {fileID: 2926459874845401492, guid: 6603f21ef29f91141bcacf894b5d67e9,
        type: 3}
      propertyPath: m_LocalRotation.z
      value: -0
      objectReference: {fileID: 0}
    - target: {fileID: 2926459874845401492, guid: 6603f21ef29f91141bcacf894b5d67e9,
        type: 3}
      propertyPath: m_LocalRotation.w
      value: 1
      objectReference: {fileID: 0}
    - target: {fileID: 2926459874845401492, guid: 6603f21ef29f91141bcacf894b5d67e9,
        type: 3}
      propertyPath: m_RootOrder
      value: 0
      objectReference: {fileID: 0}
    - target: {fileID: 2926459874845401492, guid: 6603f21ef29f91141bcacf894b5d67e9,
        type: 3}
      propertyPath: m_LocalEulerAnglesHint.x
      value: 0
      objectReference: {fileID: 0}
    - target: {fileID: 2926459874845401492, guid: 6603f21ef29f91141bcacf894b5d67e9,
        type: 3}
      propertyPath: m_LocalEulerAnglesHint.y
      value: 0
      objectReference: {fileID: 0}
    - target: {fileID: 2926459874845401492, guid: 6603f21ef29f91141bcacf894b5d67e9,
        type: 3}
      propertyPath: m_LocalEulerAnglesHint.z
      value: 0
      objectReference: {fileID: 0}
    - target: {fileID: 2926459874845401492, guid: 6603f21ef29f91141bcacf894b5d67e9,
        type: 3}
      propertyPath: m_LocalScale.x
      value: 1.4226
      objectReference: {fileID: 0}
    - target: {fileID: 2926459874845401492, guid: 6603f21ef29f91141bcacf894b5d67e9,
        type: 3}
      propertyPath: m_LocalScale.y
      value: 1.4226
      objectReference: {fileID: 0}
    - target: {fileID: 2926459874845401492, guid: 6603f21ef29f91141bcacf894b5d67e9,
        type: 3}
      propertyPath: m_LocalScale.z
      value: 1.4226
      objectReference: {fileID: 0}
    m_RemovedComponents: []
  m_SourcePrefab: {fileID: 100100000, guid: 6603f21ef29f91141bcacf894b5d67e9, type: 3}
--- !u!1 &6040646011598780693 stripped
GameObject:
  m_CorrespondingSourceObject: {fileID: 8746230322399513231, guid: 6603f21ef29f91141bcacf894b5d67e9,
    type: 3}
  m_PrefabInstance: {fileID: 3077213816080446362}
  m_PrefabAsset: {fileID: 0}
--- !u!4 &155561556115853838 stripped
Transform:
  m_CorrespondingSourceObject: {fileID: 2926459874845401492, guid: 6603f21ef29f91141bcacf894b5d67e9,
    type: 3}
  m_PrefabInstance: {fileID: 3077213816080446362}
  m_PrefabAsset: {fileID: 0}
--- !u!1001 &3874944886787370656
PrefabInstance:
  m_ObjectHideFlags: 0
  serializedVersion: 2
  m_Modification:
    m_TransformParent: {fileID: 8639208922046638371}
    m_Modifications:
    - target: {fileID: 5814771983812739405, guid: ecdfeafcd625af941959048c9dfd1bed,
        type: 3}
      propertyPath: m_Name
      value: BollKill (1)
      objectReference: {fileID: 0}
    - target: {fileID: 3569475516442482787, guid: ecdfeafcd625af941959048c9dfd1bed,
        type: 3}
      propertyPath: m_LocalPosition.x
      value: -2.5
      objectReference: {fileID: 0}
    - target: {fileID: 3569475516442482787, guid: ecdfeafcd625af941959048c9dfd1bed,
        type: 3}
      propertyPath: m_LocalPosition.y
      value: -0.82
      objectReference: {fileID: 0}
    - target: {fileID: 3569475516442482787, guid: ecdfeafcd625af941959048c9dfd1bed,
        type: 3}
      propertyPath: m_LocalPosition.z
      value: -3.967629
      objectReference: {fileID: 0}
    - target: {fileID: 3569475516442482787, guid: ecdfeafcd625af941959048c9dfd1bed,
        type: 3}
      propertyPath: m_LocalRotation.x
      value: 0
      objectReference: {fileID: 0}
    - target: {fileID: 3569475516442482787, guid: ecdfeafcd625af941959048c9dfd1bed,
        type: 3}
      propertyPath: m_LocalRotation.y
      value: 0
      objectReference: {fileID: 0}
    - target: {fileID: 3569475516442482787, guid: ecdfeafcd625af941959048c9dfd1bed,
        type: 3}
      propertyPath: m_LocalRotation.z
      value: 0
      objectReference: {fileID: 0}
    - target: {fileID: 3569475516442482787, guid: ecdfeafcd625af941959048c9dfd1bed,
        type: 3}
      propertyPath: m_LocalRotation.w
      value: 1
      objectReference: {fileID: 0}
    - target: {fileID: 3569475516442482787, guid: ecdfeafcd625af941959048c9dfd1bed,
        type: 3}
      propertyPath: m_RootOrder
      value: 3
      objectReference: {fileID: 0}
    - target: {fileID: 3569475516442482787, guid: ecdfeafcd625af941959048c9dfd1bed,
        type: 3}
      propertyPath: m_LocalEulerAnglesHint.x
      value: 0
      objectReference: {fileID: 0}
    - target: {fileID: 3569475516442482787, guid: ecdfeafcd625af941959048c9dfd1bed,
        type: 3}
      propertyPath: m_LocalEulerAnglesHint.y
      value: 0
      objectReference: {fileID: 0}
    - target: {fileID: 3569475516442482787, guid: ecdfeafcd625af941959048c9dfd1bed,
        type: 3}
      propertyPath: m_LocalEulerAnglesHint.z
      value: 0
      objectReference: {fileID: 0}
    - target: {fileID: 3569475516442482787, guid: ecdfeafcd625af941959048c9dfd1bed,
        type: 3}
      propertyPath: m_LocalScale.x
      value: 1.4226
      objectReference: {fileID: 0}
    - target: {fileID: 3569475516442482787, guid: ecdfeafcd625af941959048c9dfd1bed,
        type: 3}
      propertyPath: m_LocalScale.y
      value: 1.4226
      objectReference: {fileID: 0}
    - target: {fileID: 3569475516442482787, guid: ecdfeafcd625af941959048c9dfd1bed,
        type: 3}
      propertyPath: m_LocalScale.z
      value: 1.4226
      objectReference: {fileID: 0}
    m_RemovedComponents: []
  m_SourcePrefab: {fileID: 100100000, guid: ecdfeafcd625af941959048c9dfd1bed, type: 3}
--- !u!4 &310681072640685763 stripped
Transform:
  m_CorrespondingSourceObject: {fileID: 3569475516442482787, guid: ecdfeafcd625af941959048c9dfd1bed,
    type: 3}
  m_PrefabInstance: {fileID: 3874944886787370656}
  m_PrefabAsset: {fileID: 0}
--- !u!1001 &5657965314159812648
PrefabInstance:
  m_ObjectHideFlags: 0
  serializedVersion: 2
  m_Modification:
    m_TransformParent: {fileID: 8639208922046638371}
    m_Modifications:
    - target: {fileID: 8746230322399513231, guid: 6603f21ef29f91141bcacf894b5d67e9,
        type: 3}
      propertyPath: m_Name
      value: Boll (1)
      objectReference: {fileID: 0}
    - target: {fileID: 2926459874845401492, guid: 6603f21ef29f91141bcacf894b5d67e9,
        type: 3}
      propertyPath: m_LocalPosition.x
      value: 2
      objectReference: {fileID: 0}
    - target: {fileID: 2926459874845401492, guid: 6603f21ef29f91141bcacf894b5d67e9,
        type: 3}
      propertyPath: m_LocalPosition.y
      value: -0.82
      objectReference: {fileID: 0}
    - target: {fileID: 2926459874845401492, guid: 6603f21ef29f91141bcacf894b5d67e9,
        type: 3}
      propertyPath: m_LocalPosition.z
      value: -0.06589637
      objectReference: {fileID: 0}
    - target: {fileID: 2926459874845401492, guid: 6603f21ef29f91141bcacf894b5d67e9,
        type: 3}
      propertyPath: m_LocalRotation.x
      value: -0
      objectReference: {fileID: 0}
    - target: {fileID: 2926459874845401492, guid: 6603f21ef29f91141bcacf894b5d67e9,
        type: 3}
      propertyPath: m_LocalRotation.y
      value: -0
      objectReference: {fileID: 0}
    - target: {fileID: 2926459874845401492, guid: 6603f21ef29f91141bcacf894b5d67e9,
        type: 3}
      propertyPath: m_LocalRotation.z
      value: -0
      objectReference: {fileID: 0}
    - target: {fileID: 2926459874845401492, guid: 6603f21ef29f91141bcacf894b5d67e9,
        type: 3}
      propertyPath: m_LocalRotation.w
      value: 1
      objectReference: {fileID: 0}
    - target: {fileID: 2926459874845401492, guid: 6603f21ef29f91141bcacf894b5d67e9,
        type: 3}
      propertyPath: m_RootOrder
      value: 1
      objectReference: {fileID: 0}
    - target: {fileID: 2926459874845401492, guid: 6603f21ef29f91141bcacf894b5d67e9,
        type: 3}
      propertyPath: m_LocalEulerAnglesHint.x
      value: 0
      objectReference: {fileID: 0}
    - target: {fileID: 2926459874845401492, guid: 6603f21ef29f91141bcacf894b5d67e9,
        type: 3}
      propertyPath: m_LocalEulerAnglesHint.y
      value: 0
      objectReference: {fileID: 0}
    - target: {fileID: 2926459874845401492, guid: 6603f21ef29f91141bcacf894b5d67e9,
        type: 3}
      propertyPath: m_LocalEulerAnglesHint.z
      value: 0
      objectReference: {fileID: 0}
    - target: {fileID: 2926459874845401492, guid: 6603f21ef29f91141bcacf894b5d67e9,
        type: 3}
      propertyPath: m_LocalScale.x
      value: 1.4226
      objectReference: {fileID: 0}
    - target: {fileID: 2926459874845401492, guid: 6603f21ef29f91141bcacf894b5d67e9,
        type: 3}
      propertyPath: m_LocalScale.y
      value: 1.4226
      objectReference: {fileID: 0}
    - target: {fileID: 2926459874845401492, guid: 6603f21ef29f91141bcacf894b5d67e9,
        type: 3}
      propertyPath: m_LocalScale.z
      value: 1.4226
      objectReference: {fileID: 0}
    m_RemovedComponents: []
  m_SourcePrefab: {fileID: 100100000, guid: 6603f21ef29f91141bcacf894b5d67e9, type: 3}
--- !u!1 &4027901807323097767 stripped
GameObject:
  m_CorrespondingSourceObject: {fileID: 8746230322399513231, guid: 6603f21ef29f91141bcacf894b5d67e9,
    type: 3}
  m_PrefabInstance: {fileID: 5657965314159812648}
  m_PrefabAsset: {fileID: 0}
--- !u!4 &7357191539298271676 stripped
Transform:
  m_CorrespondingSourceObject: {fileID: 2926459874845401492, guid: 6603f21ef29f91141bcacf894b5d67e9,
    type: 3}
  m_PrefabInstance: {fileID: 5657965314159812648}
  m_PrefabAsset: {fileID: 0}
